 Dungeon Crawl Stone Soup version 0.30-a0-4-ga7cffc901d (webtiles) character file.

Game seed: 16414885842571143942

68 siradein the Shield-Bearer (level 4, -7/35 HPs)
             Began as a Vampire Fighter on Aug 22, 2022.
             Killed by divine providence
             ... invoked by an orc priest
              (14 damage)
             ... on level 3 of the Dungeon.
             The game lasted 00:02:34 (1413 turns).

siradein the Shield-Bearer (Vampire Fighter)        Turns: 1413, Time: 00:02:35

Health: -7/35      AC: 10    Str: 15    XL:     4   Next: 1%
Magic:  4/4        EV: 23    Int: 12    God:
Gold:   160        SH:  4    Dex: 13    Spells: 3/3 levels left

rFire   . . .      SeeInvis +    a - +0 long sword
rCold   . . .      Faith    .    c - +0 buckler
rNeg    . . .      Spirit   .    b - +0 scale mail
rPois   +          Reflect  .    (no helmet)
rElec   .          Harm     .    (no cloak)
rCorr   .          Rampage  .    (no gloves)
Will    .....                    (no boots)
Stlth   ..........               n - amulet of the acrobat
HPRegen 0.31/turn                e - ring of poison resistance
MPRegen 0.09/turn                q - +4 ring of protection

@: acrobatic, healing quickly
A: alive, fangs 3, see invisible, vampiric 2
a: Exsanguinate


You were on level 3 of the Dungeon.
You visited 1 branch of the dungeon, and saw 3 of its levels.

You collected 160 gold pieces.

Inventory:

Hand Weapons
 a - a +0 long sword (weapon)
Armour
 b - a +0 scale mail (worn)
 c - a +0 buckler (worn)
Jewellery
 e - a ring of poison resistance (left hand)
 n - an amulet of the acrobat (around neck)
 q - a +4 ring of protection (right hand)
Scrolls
 j - a scroll of fear {unknown}
 k - a scroll of noise {unknown}
 m - 2 scrolls of immolation {unknown}
 p - a scroll of teleportation {unknown}
Potions
 d - 2 potions of might
 f - a potion of degeneration {unknown}
 g - a potion of cancellation {unknown}
 h - 3 potions of curing {unknown}
 i - 2 potions of haste {unknown}
 l - a potion of resistance {unknown}
 o - 2 potions of flight {unknown}


   Skills:
 + Level 3.2 Fighting
 + Level 2.7 Long Blades
 + Level 2.9 Armour
 + Level 3.2 Shields


You had 3 spell levels left.
You didn't know any spells.
Your spell library contained the following spells:

 Spells                   Type           Power      Damage    Failure   Level
 Poisonous Vapours        Pois/Air       0%         N/A       94%         2
 Corpse Rot               Necr/Pois/Air  0%         N/A       100%        4


Dungeon Overview and Level Annotations

Branches:
Dungeon (3/15)

Altars:


Innate Abilities, Weirdness & Mutations

Your natural rate of healing is accelerated.
You have razor-sharp teeth.
You have supernaturally acute eyesight. (SInv)
You are afflicted with vampirism and can become a bat while bloodless.


Message History

The jackal bites you but does no damage. x2
You barely miss the jackal. You bite the jackal.
You kill the jackal!
You block the orc's attack.
You barely miss the orc. The orc hits you but does no damage.
You hit the orc but do no damage. You block the orc's attack.
You hit the orc but do no damage. Your bite misses the orc.
The orc barely misses you. The orc hits you with a +0 whip.
You hit the orc but do no damage. Your bite misses the orc.
The orc hits you but does no damage.
You slash the orc!
You kill the orc!
The jackal bites you.
You barely miss the jackal. The jackal barely misses you. x2
You closely miss the jackal. Your bite misses the jackal.
You block the jackal's attack. The jackal barely misses you.
You slash the jackal!
You kill the jackal!
The jackal bites you but does no damage.
You miss the jackal. The jackal barely misses you.
You block the jackal's attack.
You closely miss the jackal. The jackal bites you.
The orc priest mumbles some strange prayers to Beogh against you.
Beogh smites you!
You slash the jackal!
You kill the jackal!
The orc priest miscasts a cantrip.
You have reached level 4!
You hit the dart slug.
The dart slug is heavily wounded.
The orc priest invokes the aid of Beogh against you.
Beogh smites you!
* * * LOW HITPOINT WARNING * * *
The dart slug closely misses you.
You are too injured to fight recklessly!
You are too injured to fight recklessly!
You are too injured to fight recklessly!
The orc priest calls down the wrath of Beogh upon you.
Beogh smites you!
You die...

#........##.
#...$.....).
##...........
#......w.....
####...#####....
#+#o)...## ...<
# #.w#..### ....
##.## #..#.##
#...
.....##@...# ...
#.....### .o.
###...# #..
#<..## #.....#
#...#..#
#.........
#..####### #..#


You could see an orc priest and a dart slug.

Vanquished Creatures
  An adder (D:2)
  A dart slug (D:2)
  2 orcs (D:3)
  A ball python (D:1)
  3 bats (D:1)
  2 endoplasms
  2 giant cockroaches (D:1)
  7 goblins
  6 hobgoblins
  8 jackals
  A quokka (D:1)
  5 frilled lizards
  5 kobolds
  3 rats
47 creatures vanquished.

Notes
Turn   | Place    | Note
-------+----------+-------------------------------------------
     0 | D:1      | siradein the Vampire Fighter began the quest for the Orb.
     0 | D:1      | Reached XP level 1. HP: 17/17 MP: 1/1
   125 | D:1      | Reached XP level 2. HP: 23/23 MP: 2/2
   439 | D:1      | Gained mutation: You are afflicted with vampirism and can
                  | become a bat while bloodless. [Vampire growth]
   439 | D:1      | Reached XP level 3. HP: 29/29 MP: 3/3
  1411 | D:3      | Reached XP level 4. HP: 19/35 MP: 4/4
  1413 | D:3      | Killed from afar by an orc priest

Illustrated notes

Levels and vault maps discovered:
D:1:      dpeg_arrival_simpleton_a, layout_loops_ring, hex_medium
D:2:      layout_rooms
D:3:      layout_rooms, nicolae_vehumet_radiance,
          mainiacjoe_overflow_six_doors_small, serial_shops,
          nicolae_lakefront_shop, gammafunk_ghost_cemetery

Skill      XL: |  1  2 |
---------------+-------+-----
Shields        | 3 |  3.2
Fighting       | 3 |  3.2
Long Blades    | |  2.7
Armour         | |  2.9

Action                   |  1- 3 |  4- 6 || total
-------------------------+-------+-------++-------
Melee: Long sword        |   143 |     1 ||   144
       Bite              |    15 |       ||    15
Armor: Scale mail        |    68 |       ||    68
Dodge: Dodged            |    69 |     1 ||    70
Block: Buckler           |    19 |       ||    19
       Kite shield       |    37 |       ||    37

Table legend: (Time is in decaauts)
 A = Elapsed time spent in this place.
 B = Non-inter-level travel time spent in this place.
 C = Inter-level travel time spent in this place.
 D = Time resting spent in this place.
 E = Time spent auto-exploring this place.
 F = Levels seen in this place.
 G = Mean time per level.
                   A        B        C        D        E       F      G
               +--------+--------+--------+--------+--------+-----+--------+
         Total |   1468 |   1413 |     55 |      0 |   1033 |   3 |  489.3 |
       Dungeon |   1468 |   1413 |     55 |      0 |   1033 |   3 |  489.3 |
               +--------+--------+--------+--------+--------+-----+--------+

Top non-repeatable levels by time:
     D:1: 895 daAuts
     D:2: 509 daAuts
     D:3: 62 daAuts
